 Dungeon Crawl Stone Soup version 0.27-a0-1191-g601b473118 (webtiles) character file.

Game seed: 15344837245802181818

487 experimilk the Digger (level 7, -1/36 HPs)
             Began as a Gargoyle Earth Elementalist on May 24, 2021.
             Slain by a scorpion zombie (4 damage)
             ... on level 5 of the Dungeon.
             The game lasted 00:18:30 (6779 turns).

experimilk the Digger (Gargoyle Earth Elementalist) Turns: 6779, Time: 00:18:30

Health: -1/36      AC:  7    Str: 11    XL:     7   Next: 13%
Magic:  12/12      EV: 11    Int: 18    God:
Gold:   183        SH:  0    Dex: 10    Spells: 2/12 levels left

rFire    . . .     SeeInvis .   n - +0 flail
rCold    . . .     Faith    .   (no shield)
rNeg     + . .     Spirit   .   c - +0 robe
rPois    ∞         Reflect  .   (no helmet)
rElec    +         Harm     .   k - +0 cloak
rCorr    .         Rampage  .   (no gloves)
Will     .....                  (no boots)
Stlth    ++........             (no amulet)
HPRegen  0.12/turn              a - ring of wizardry
MPRegen  0.13/turn              (no ring)

@: no status effects
A: sickness immunity, AC +4, negative energy resistance 1, electricity
resistance, torment resistance 1, petrification resistance
a: no special abilities


You were on level 5 of the Dungeon.
You visited 1 branch of the dungeon, and saw 5 of its levels.

You collected 183 gold pieces.

Inventory:

Hand Weapons
 n - a +0 flail (weapon)
Missiles
 b - 123 stones
 h - 2 throwing nets
Armour
 c - a +0 robe (worn)
 k - a +0 cloak (worn)
 m - a +0 leather armour
Jewellery
 a - a ring of wizardry (left hand)
Wands
 e - a wand of iceblast (7)
 l - a wand of flame (18)
 p - a wand of paralysis (10)
Scrolls
 r - a scroll of enchant weapon {unknown}
Potions
 d - a potion of might
 f - a potion of curing
 g - 3 potions of brilliance {unknown}
 i - a potion of flight {unknown}
 j - a potion of heal wounds {unknown}
 q - 2 potions of attraction {unknown}


   Skills:
 - Level 1.5 Dodging
 - Level 2.1 Stealth
 + Level 3.3 Spellcasting
 - Level 3.0 Conjurations
 - Level 0.7 Transmutations
 * Level 7.9 Earth Magic


You had 2 spell levels left.
You knew the following spells:

 Your Spells              Type           Power      Damage    Failure   Level
a - Sandblast             Erth           62%        2d14      1%          1
b - Stone Arrow           Conj/Erth      44%        3d9       1%          3
c - Passwall              Tmut/Erth      15%        N/A       1%          2
d - Petrify               Tmut/Erth      18%        N/A       11%         4

Your spell library contained the following spells:

 Spells                   Type           Power      Damage    Failure   Level
 Lee's Rapid Deconstruct  Erth           15%        3d11*     7%          5


Dungeon Overview and Level Annotations

Branches:
Dungeon (5/15)
 Temple: D:4-7

Altars:
Cheibriados

Shops:
D:3 (=(

Annotations:
D:3 Purgy
D:5 2 runed translucent doors


Innate Abilities, Weirdness & Mutations

You are immune to sickness and miasma.
Your stone body is resilient. (AC +4)
You are immune to poison.
You resist negative energy. (rN+)
You are resistant to electric shocks. (rElec)
You are resistant to unholy torment.
You are immune to petrification.


Message History

A centaur zombie comes into view.
You open the door.
An ogre comes into view. It is wielding a +0 giant spiked club.
The ogre shouts!
You hear a bark!
A quokka comes into view.
There is an open door here.
The centaur zombie hits you. The centaur zombie closely misses you.
The centaur zombie completely misses you.
The centaur zombie kicks you but does no damage.
The centaur zombie barely misses you.
The centaur zombie kicks you but does no damage.
The quokka bites you. The quokka barely misses you.
Found 23 stones.
A howler monkey comes into view.
Found a stone staircase leading down.
The quokka barely misses you.
The howler monkey howls!
A shadow comes into view.
An adder zombie comes into view.
The howler monkey hoots and howls with incredible vigour!
You hear an angry hiss. x3
The shadow slips into darkness.
The shadow flickers and vanishes!
Deactivating autopickup; reactivate with Ctrl-A.
The quokka barely misses you.
The shadow strikes at you from the darkness!
Ouch! That really hurt!
* * * LOW HITPOINT WARNING * * *
Reactivating autopickup.
The iguana hisses angrily.
An iguana comes into view.
The quokka bites you but does no damage.
There is a stone staircase leading up here.
Unknown command.
You can't go up here!
As you read the scroll labelled ZUGGIONOWN, it crumbles to dust.
You feel aware of your surroundings.
It was a scroll of magic mapping.
The scorpion zombie hits you.
You die...

,,,,.(.......###....# #..###
*,,,#........Z###...# #.<#.###
*,,,.........O.##(..# #......##
*,,,................# ##........
,,,,>...............# #.........
,,,*.........Z.....## *#.........
****#...........h..####..........
##.........rW...$#...........
*....$.....Z@.........###....
**,..................[## *....
**,,*##.....###.......## **...#
**,,** ##....,Z.......## **,..##
**,,** ##.............#**,,,**
*,,** ##..l.......l...,,,,* ,,**
**#######......,,,** ,**
*##..,,,,,* ** **,,,,,,**


You could see an ogre, a shadow, a howler monkey, an iguana, an adder zombie, a
scorpion zombie, a centaur zombie and a quokka.

Vanquished Creatures
  An ogre (D:4)
  A phantom (D:4)
  2 centaur skeletons
  A jelly (D:4)
  Ijyb (D:3)
  A hound skeleton (D:4)
  Robin (D:4)
  5 adders
  4 gnolls
  2 adder skeletons (D:4)
  2 worms
  6 orcs
  4 ball pythons
  2 bats
  6 endoplasms
  6 giant cockroaches
  20 goblins
  5 hobgoblins
  4 jackals (D:3)
  10 kobolds
  2 quokkas
  4 frilled lizards (D:1)
  5 rats
95 creatures vanquished.

Vanquished Creatures (others)
  6 plants
6 creatures vanquished.

Grand Total: 101 creatures vanquished

Notes
Turn   | Place    | Note
-------+----------+-------------------------------------------
     0 | D:1      | experimilk the Gargoyle Earth Elementalist began the quest
                  | for the Orb.
     0 | D:1      | Reached XP level 1. HP: 10/10 MP: 3/3
   205 | D:1      | Reached skill level 4 in Earth Magic
   314 | D:1      | Reached XP level 2. HP: 11/15 MP: 0/5
   514 | D:1      | Found a faded altar of an unknown god.
  1143 | D:1      | Reached skill level 5 in Earth Magic
  1143 | D:1      | Reached XP level 3. HP: 19/19 MP: 4/6
  1166 | D:1      | Learned a level 3 spell: Stone Arrow
  1169 | D:1      | Learned a level 2 spell: Passwall
  2127 | D:2      | Reached skill level 1 in Conjurations
  2127 | D:2      | Reached XP level 4. HP: 24/24 MP: 3/7
  2359 | D:3      | Found Izotoim's Weapon Shoppe.
  2365 | D:3      | Found Raedaom's Jewellery Shoppe.
  2669 | D:3      | Found Bioz's Weapon Emporium.
  2806 | D:3      | Noticed Ijyb
  3000 | D:3      | Killed Ijyb
  3001 | D:3      | Reached skill level 6 in Earth Magic
  3196 | D:3      | Found Ycakh's Armour Shop.
  3506 | D:3      | Reached XP level 5. HP: 25/28 MP: 4/8
  3697 | D:3      | Found a snail-covered altar of Cheibriados.
  4583 | D:4      | Noticed Robin
  4809 | D:4      | Noticed Purgy
  5283 | D:4      | Noticed an ogre
  5303 | D:4      | Killed an ogre
  5304 | D:4      | Reached skill level 7 in Earth Magic
  5304 | D:4      | Reached XP level 6. HP: 32/32 MP: 0/10
  5391 | D:4      | Learned a level 4 spell: Petrify
  6071 | D:4      | Reached XP level 7. HP: 36/36 MP: 8/11
  6111 | D:4      | Killed Robin
  6271 | D:5      | Entered Level 5 of the Dungeon
  6355 | D:5      | Noticed a steam dragon
  6663 | D:5      | Found a large runed translucent door.
  6665 | D:5      | Found a large runed translucent door.
  6727 | D:5      | Noticed a troll
  6727 | D:5      | Noticed a steam dragon
  6769 | D:5      | Noticed a shadow
  6779 | D:5      | Slain by a scorpion zombie

Illustrated notes

Levels and vault maps discovered:
D:1:      heliophobic_arrival_henge, layout_loops_corners,
          basic_ecumenical_altar, hangedman_abyss_or_decor_stabs,
          serial_bayou_lagoon_a, columned_hall_lemuel
D:2:      layout_basic
D:3:      layout_basic, slow_altar_1, serial_shops, shop,
          nicolae_shop_temple_entry_statues_fountains, shop,
          nicolae_shop_waterfront, serial_bayou_pond_b, uniq_ijyb
D:4:      layout_basic, uniq_robin, uniq_purgy
D:5:      layout_layer_cave, minmay_hollow_rounded_squares

Skill      XL: |  1  2  3  4  5  6 |
---------------+-------------------+-----
Earth Magic    | 4 5 6 7 |  7.9
Conjurations   | 1 2 3 |  3.0
Spellcasting   | 3 |  3.3
Dodging        | |  1.5
Stealth        | |  2.1
Transmutations | |  0.7

Action                   |  1- 3 |  4- 6 |  7- 9 || total
-------------------------+-------+-------+-------++-------
Melee: Unarmed           |    14 |       |       ||    14
       Mace              |     1 |       |       ||     1
       Flail             |       |    34 |       ||    34
 Cast: Sandblast         |    52 |    40 |     3 ||    95
       Stone Arrow       |     1 |    35 |     6 ||    42
       Passwall          |       |     1 |       ||     1
  Use: Scroll            |       |     3 |     2 ||     5
 Stab: Sleeping          |       |     1 |       ||     1
Armor: Robe              |    15 |    37 |     5 ||    57
Dodge: Dodged            |    20 |    55 |     6 ||    81

Table legend: (Time is in decaauts)
 A = Elapsed time spent in this place.
 B = Non-inter-level travel time spent in this place.
 C = Inter-level travel time spent in this place.
 D = Time resting spent in this place.
 E = Time spent auto-exploring this place.
 F = Levels seen in this place.
 G = Mean time per level.
                   A        B        C        D        E       F      G
               +--------+--------+--------+--------+--------+-----+--------+
         Total |   6806 |   6538 |    268 |   3033 |   2028 |   5 | 1361.2 |
       Dungeon |   6806 |   6538 |    268 |   3033 |   2028 |   5 | 1361.2 |
               +--------+--------+--------+--------+--------+-----+--------+

Top non-repeatable levels by time:
     D:3: 2120 daAuts
     D:4: 1665 daAuts
     D:2: 1608 daAuts
     D:1: 1195 daAuts
     D:5: 216 daAuts
